AoeStats
← robertr

Oasis

508099689Analyzed
4v4 RM · 11d ago on Sep 20, 2026· 60m 39s· 8 players
Game mode
Random Map
Map size
Large (8 player)
Population
200
Speed
Normal
Resources
Standard
Victory
Conquest
Starting age
Dark Age
Ending age
Imperial Age
RankedLock teamsTeams togetherTeam positionsShared explorationLock speedFull tech treeHidden civsTurbo modeCheats
Victory
Defeat
🇺🇸 Berbers · United States
811
+13
🇺🇸 Franks · United States
744
+33
🇺🇸 Poles · United States
729
+16
🇺🇸 Spanish · United States
695
+17
🇨🇱 Huns · Chile
794
-17
🇬🇧 Portuguese · United Kingdom
779
-17
690
-14
🇺🇸 Tatars · United States
668
-13
jotap07
0:28 Loom
2:00 Loom
12:50 Feudal Age
18:05 Castle Age
16:25 Double-Bit Axe
16:25 Horse Collar
17:12 Stone Mining
17:28 Gold Mining
19:58 Bow Saw
23:31 Heavy Plow
32:52 Imperial Age
31:10 Forging
31:29 Szlachta Privileges
31:42 Scale Barding Armor
32:39 Ballistics
32:16 Murder Holes
33:54 Chain Barding Armor
33:37 Scale Mail Armor
33:24 Cavalier
35:00 Crop Rotation
35:57 Chemistry
36:18 Iron Casting
35:59 Chain Mail Armor
37:32 Conscription
41:37 Wheelbarrow
41:12 Caravan
42:47 Hand Cart
44:21 Pikeman
44:42 Elite Skirmisher
46:56 Husbandry
47:06 Bloodlines
46:55 Fletching
48:13 Blast Furnace
49:01 Town Watch
49:16 Bodkin Arrow
49:22 Padded Archer Armor
49:53 Plate Mail Armor
52:12 Thumb Ring
51:39 Elite Genitour
54:06 Leather Archer Armor
53:51 Bracer
robertr
8:22 Loom
13:25 Feudal Age
14:45 Wheelbarrow
14:34 Double-Bit Axe
16:05 Gold Mining
24:46 Castle Age
27:44 Caravan
28:02 Forging
27:58 Scale Barding Armor
30:58 Imperial Age
31:04 Iron Casting
30:50 Chain Barding Armor
33:07 Hand Cart
35:41 #83
35:09 Elite Throwing Axeman
36:35 Cavalier
42:59 Chivalry
43:21 Conscription
45:04 Blast Furnace
44:40 Plate Barding Armor
44:26 Paladin
46:08 Husbandry
55:41 Chemistry
54:36 Capped Ram
WonderWoman21
0:27 Loom
11:31 Feudal Age
15:42 Double-Bit Axe
16:43 Wheelbarrow
16:17 Fletching
17:17 Forging
16:54 Man-at-Arms
22:45 Castle Age
22:59 Stone Mining
23:00 Gold Mining
24:16 Bodkin Arrow
27:21 Horse Collar
31:57 Pikeman
34:35 Bloodlines
35:25 Hand Cart
37:25 Husbandry
38:45 Scale Barding Armor
39:49 Murder Holes
40:04 Fortified Wall
39:49 Murder Holes
40:04 Fortified Wall
39:49 Murder Holes
46:28 Imperial Age
46:34 Bow Saw
46:40 Heavy Plow
46:52 Cavalier
49:15 Chemistry
49:11 Halberdier
49:34 Cavalier
52:15 Long Swordsman
54:48 Bracer
55:10 Chain Barding Armor
55:16 Ballistics
57:24 Bombard Tower
57:54 Capped Ram
Elon Musket
6:32 Loom
10:52 Feudal Age
12:07 Double-Bit Axe
12:57 Forging
19:49 Castle Age
19:24 Wheelbarrow
18:35 Town Watch
18:35 Horse Collar
22:17 Bow Saw
22:09 Heavy Plow
26:00 Pikeman
29:42 Bloodlines
29:33 Husbandry
33:09 Gold Mining
33:09 Stone Mining
33:26 Scale Barding Armor
33:13 Fletching
33:58 Iron Casting
36:03 Imperial Age
33:55 Hand Cart
33:41 Town Patrol
34:33 Town Patrol
35:26 Chain Barding Armor
35:02 Bodkin Arrow
35:07 Padded Archer Armor
35:52 Ballistics
35:29 Murder Holes
36:07 Scale Mail Armor
36:16 Capped Ram
37:50 Conscription
37:39 Bracer
38:39 Blast Furnace
38:13 Caravan
39:29 Chemistry
38:40 Masonry
39:01 Thumb Ring
39:47 Leather Archer Armor
39:47 Chain Mail Armor
38:58 Elite Genitour
39:47 Squires
39:21 Cavalier
42:55 Elite Camel Archer
44:21 Plate Barding Armor
44:17 Plate Mail Armor
51:09 Coinage
53:59 Banking
58:15 Ring Archer Armor
57:12 Heavy Camel Rider
Rat Meat Pizza
0:39 Loom
14:27 Feudal Age
15:01 Double-Bit Axe
20:19 Gold Mining
20:21 Stone Mining
23:03 Horse Collar
26:51 Castle Age
25:12 Bloodlines
28:24 Gold Shaft Mining
27:59 Heavy Plow
31:48 Wheelbarrow
35:37 Bow Saw
36:18 Ballistics
38:37 Hand Cart
40:03 Husbandry
42:13 Padded Archer Armor
42:04 Fletching
42:20 Scale Barding Armor
42:15 Scale Mail Armor
42:25 Forging
45:25 Leather Archer Armor
49:27 Chain Barding Armor
49:43 Iron Casting
jsx_001
7:50 Loom
12:26 Feudal Age
14:26 Man-at-Arms
15:57 Scale Mail Armor
16:24 Arson
16:59 Forging
20:49 Scale Barding Armor
24:15 Bloodlines
29:44 Castle Age
30:27 Fletching
30:44 Husbandry
Wolfgang5150
9:32 Loom
11:18 Feudal Age
12:05 Horse Collar
12:14 Double-Bit Axe
20:35 Castle Age
20:58 Bloodlines
20:43 Fletching
21:04 Forging
20:50 Stone Mining
20:56 Gold Mining
23:00 Wheelbarrow
22:29 Heavy Plow
22:52 Bow Saw
23:27 Town Watch
26:08 Husbandry
30:37 Gold Shaft Mining
31:34 Padded Archer Armor
31:40 Scale Barding Armor
31:36 Bodkin Arrow
32:43 Iron Casting
33:12 Caravan
35:19 Leather Archer Armor
35:44 Chain Barding Armor
37:59 Ballistics
37:35 Murder Holes
37:52 Masonry
42:09 Imperial Age
39:56 Hand Cart
40:12 Town Patrol
43:16 Parthian Tactics
42:14 Cavalier
44:01 Chemistry
43:04 Bracer
44:05 Blast Furnace
43:59 Conscription
45:49 Two-Man Saw
48:17 Fervor
49:03 Plate Barding Armor
50:38 Heavy Cavalry Archer
53:00 Paladin
55:41 Guilds
59:47 Pikeman
60:28 Squires
make wall ,door and market well?
0:31 Loom
11:13 Feudal Age
16:30 Castle Age
15:51 Double-Bit Axe
26:38 Bow Saw
33:13 Imperial Age
32:16 Yeomen
31:51 Gold Mining
31:51 Stone Mining
32:06 Murder Holes
31:52 Treadmill Crane
32:24 Fortified Wall
33:08 Gold Shaft Mining
33:58 Ballistics
33:39 Elite Longbowman
34:41 Conscription
35:52 Chemistry
36:12 Two-Man Saw
35:38 Padded Archer Armor
35:29 Fletching
35:39 Town Watch
36:26 Town Patrol
37:32 Bodkin Arrow
37:53 Leather Archer Armor
38:25 Bracer
39:50 Hoardings
40:33 Ring Archer Armor
41:18 Warwolf
42:22 Masonry
42:53 Caravan
Connection lost

Rejoining the realm…

Still unreachable

The connection could not be restored.

Session expired

The server has moved on; the page needs a fresh start.